 Dungeon Crawl Stone Soup version 0.17-a0-2127-g1cb09f6 (webtiles) character file.

1221 septik the Stinger (level 8, -3/52 HPs)
             Began as a Mummy Wizard on Oct 22, 2015.
             Was a Believer of Sif Muna.
             Slain by a giant frog (5 damage)
             ... on level 8 of the Dungeon.
             The game lasted 00:55:25 (10869 turns).

septik the Stinger (Mummy Wizard)                  Turns: 10869, Time: 00:55:25

Health: -3/52      AC:  3    Str: 10    XL:     8   Next: 23%
Magic:  3/12       EV: 12    Int: 22    God:    Sif Muna [**....]
Gold:   158        SH:  0    Dex: 14    Spells: 4 memorised, 4 levels left

rFire  x . .     SeeInvis .     D - +6 trident of Tension {vamp, rN+ Dex+4}
rCold  + . .     Clarity  .     a - +0 robe
rNeg   + + +     SustAt   .     (no shield)
rPois  ∞         Gourm    .     v - +0 helmet
rElec  .         Spirit   .     (no cloak)
rCorr  .         Warding  .     (no gloves)
rMut   .         Stasis   .     (no boots)
MR     +....                    (no amulet)
Stlth  ++........               (no ring)
                                i - +2 ring of intelligence

@: somewhat resistant to hostile enchantments, unstealthy
A: no food or potions, fire vulnerability, cold resistance 1, negative energy
resistance 3, torment resistance, unbreathing
a: Channel Energy, Forget Spell, Renounce Religion


You were on level 8 of the Dungeon.
You worshipped Sif Muna.
Sif Muna was pleased with you.
You were not hungry.

You visited 2 branches of the dungeon, and saw 9 of its levels.

You collected 387 gold pieces.
You spent 229 gold pieces at shops.

Inventory:

Hand Weapons
 f - a +0 club
 g - a +0 mace
 l - a +0 hunting sling
 p - a +2 short sword of flaming
 w - a +1 dagger of protection
 z - a +1 flail of protection
 C - a +4 spear
 D - the +6 trident of Tension (weapon) {vamp, rN+ Dex+4}
   (You bought it in a shop on level 5 of the Dungeon)

   It inflicts no extra harm, but heals its wielder somewhat when it strikes a
   living foe.
   It affects your dexterity (+4).
   It protects you from negative energy.
 K - a +3 shortbow
 L - a +0 blowgun
Missiles
 e - 28 poisoned needles
 h - 259 stones (quivered)
 n - 77 arrows
 x - 10 tomahawks
 A - 8 needles of sleeping
 F - 14 sling bullets of flame
 M - 2 curare-tipped needles
Armour
 a - a +0 robe (worn)
 b - a +0 hat
 r - a +0 buckler
 v - a +0 helmet (worn)
Jewellery
 i - a +2 ring of intelligence (left hand)
 u - an uncursed ring of protection from cold
 G - an uncursed amulet of guardian spirit {unknown}
Wands
 H - a wand of disintegration (0)
 I - a wand of disintegration (0)
Scrolls
 j - 3 scrolls of enchant weapon {unknown}
 k - a scroll of amnesia
 m - 6 scrolls of remove curse
 o - 3 scrolls of immolation {unknown}
 q - 2 scrolls of identify
 s - a scroll of enchant armour {unknown}
 t - a scroll of noise
 y - 2 scrolls of recharging
 B - a scroll of teleportation {unknown}
 J - a scroll of random uselessness {unknown}
Books
 c - a book of Minor Magic

   Spells                             Type                      Level
   a - Magic Dart                     Conjuration                  1
   b - Blink                          Translocation                2
   c - Call Imp                       Summoning                    2
   d - Repel Missiles                 Charms/Air                   2
   e - Slow                           Hexes                        2
   f - Conjure Flame                  Conjuration/Fire             3
   g - Mephitic Cloud                 Conjuration/Poison/Air       3
 E - a book of Maledictions

   Spells                             Type                      Level
   a - Corona                         Hexes                        1
   b - Ensorcelled Hibernation        Hexes/Ice                    2
   c - Confuse                        Hexes                        3
   d - Tukima's Dance                 Hexes                        3
   e - Dazzling Spray                 Conjuration/Hexes            3


   Skills:
 - Level 1.5 Dodging
 - Level 1.5 Stealth
 - Level 3.0 Spellcasting
 - Level 4.0 Conjurations
 - Level 0.7 Summonings
   Level 0.7 Translocations
 * Level 3.2 Fire Magic
 - Level 3.9 Air Magic
 - Level 4.4 Poison Magic


You had 4 spell levels left.
You knew the following spells:

 Your Spells              Type           Power        Failure   Level  Hunger
a - Magic Dart            Conj           ###.         2%          1    N/A
b - Call Imp              Summ           #.......     17%         2    N/A
c - Mephitic Cloud        Conj/Pois/Air  ###.....     10%         3    N/A
d - Conjure Flame         Conj/Fire      ###.....     12%         3    N/A

Dungeon Overview and Level Annotations

Branches:
Dungeon (8/15)             Temple (1/1) D:4
   Lair: D:8-11

Altars:
Ashenzari
Cheibriados
Dithmenos
Elyvilon
Kikubaaqudgha
Makhleb
Nemelex Xobeh
Okawaru
Qazlal
Ru
Sif Muna
Trog
Vehumet
Xom
Yredelemnul
The Shining One

Shops:
D:5 =*(!*

Annotations:
D:7 Joseph


Innate Abilities, Weirdness & Mutations

You do not eat or drink.
Your flesh is vulnerable to fire.
You are immune to poison.
Your flesh is cold resistant.
You are immune to negative energy.
You are immune to unholy pain and torment.
You can survive without breathing.


Message History

Your crimson imp closely misses the adder.
The adder bites you.
* * * LOW HITPOINT WARNING * * *
Your crimson imp blinks!
Your crimson imp blinks!
The adder barely misses you.
Found a shadowy altar of Dithmenos.
Found a scroll of amnesia.
The adder bites you but does no damage.
Your magical contamination has completely faded away.
The adder bites you.
* * * LOW HITPOINT WARNING * * *
Read which item? (? for menu, Esc to quit)
As you read the scroll labeled BATATHRO XUU, it crumbles to dust.
You hear a loud clanging noise!
It was a scroll of noise.
The giant frog hits you but does no damage.
The adder closely misses you. The giant frog hits you.
You die...

#. #. ##### #.
##...##
#.##..S..##
#.#...F@..#
#.#.#._.#.#
##..##.##.....
#....###.......
#.#............
#.#......#....#
#.#+##.#.#.....
#....#...#...##
#....###?#


You could see a giant frog and an adder.

Vanquished Creatures
  A water moccasin (D:6)
  An ice beast (D:5)
  2 ogres (D:5)
  A centaur (D:6)
  A big kobold (D:6)
  A giant frog (D:7)
  2 crimson imps
  A quasit (D:6)
  A giant frog skeleton (D:5)
  An orc priest (D:5)
  A centaur skeleton (D:5)
  3 worker ants
  2 orc wizards
  4 adders
  A shadow imp (D:5)
  An ooze (D:3)
  2 worms (D:3)
  3 giant geckos
  15 orcs
  4 giant cockroaches
  8 goblins
  6 hobgoblins
  6 jackals
  6 kobolds
  3 quokkas
  3 ball pythons
  3 bats
  2 giant newts
  A jackal skeleton (D:6)
  A quokka skeleton (D:4)
  10 rats
97 creatures vanquished.

Vanquished Creatures (collateral kills)
  An ogre (D:4)
  A phantom (D:5)
  A giant frog (D:6)
  A jelly (D:5)
  An iguana (D:4)
  2 orc wizards
  A giant frog skeleton (D:5)
  An orc priest (D:4)
  2 worker ants
  A centaur skeleton (D:6)
  2 gnolls
  2 adders
  An adder skeleton (D:6)
  3 worms
  A giant gecko (D:4)
  12 orcs
  A jackal (D:2)
  3 kobolds
37 creatures vanquished.

Vanquished Creatures (others)
  An orc (D:7)
1 creature vanquished.

Grand Total: 135 creatures vanquished

Notes
Turn   | Place    | Note
--------------------------------------------------------------
     0 | D:1      | septik the Mummy Wizard began the quest for the Orb.
     0 | D:1      | Reached XP level 1. HP: 13/13 MP: 4/4
     5 | D:1      | Reached skill level 1 in Conjurations
   507 | D:1      | Reached XP level 2. HP: 4/19 MP: 0/6
  1138 | D:2      | Learned a level 2 spell: Call Imp
  1841 | D:2      | Reached XP level 3. HP: 24/24 MP: 3/7
  1846 | D:2      | Learned a level 3 spell: Mephitic Cloud
  2079 | D:2      | Found a basalt altar of Yredelemnul.
  2081 | D:2      | Found an iron altar of Okawaru.
  2903 | D:3      | Reached skill level 1 in Air Magic
  3129 | D:3      | Reached skill level 1 in Poison Magic
  3242 | D:3      | Reached XP level 4. HP: 30/30 MP: 3/8
  4508 | D:4      | Found a bloodstained altar of Trog.
  4570 | D:4      | Found a glowing golden altar of the Shining One.
  4881 | D:4      | Found a staircase to the Ecumenical Temple.
  4891 | Temple   | Entered the Ecumenical Temple
  4946 | Temple   | Became a worshipper of Sif Muna the Loreminder
  4999 | D:4      | Noticed an ogre
  5010 | D:4      | Killed an ogre
  5010 | D:4      | Reached XP level 5. HP: 35/35 MP: 2/9
  5845 | D:2      | Found a snail-covered altar of Cheibriados.
  5845 | D:2      | Found a radiant altar of Vehumet.
  6227 | D:5      | Entered Level 5 of the Dungeon
  6227 | D:5      | Found Eqolojon's Assorted Antiques.
  6528 | D:5      | Noticed an ice beast
  6589 | D:5      | Killed an ice beast
  6589 | D:5      | Reached XP level 6. HP: 32/41 MP: 0/10
  6597 | D:5      | Noticed an ogre
  7067 | D:5      | Found Keixt's Jewellery Emporium.
  7116 | D:5      | Reached * piety under Sif Muna
  7174 | D:5      | Killed an ogre
  7415 | D:5      | Found Ymij's Antique Weapon Boutique.
  7426 | D:5      | Found Igounua's General Store.
  7430 | D:5      | Bought a steaming trident for 229 gold pieces
  7430 | D:5      | Identified the +6 trident of Tension {vamp, rN+ Dex+4} (You bought it in a shop on level 5 of the Dungeon)
  7509 | D:5      | Noticed a phantom
  7618 | D:5      | Reached XP level 7. HP: 46/46 MP: 5/11
  7677 | D:5      | Found Efatag's Distillery.
  8477 | D:5      | Killed a phantom
  8477 | D:5      | Reached skill level 4 in Poison Magic
  9141 | D:6      | Reached ** piety under Sif Muna
  9327 | D:6      | Learned a level 3 spell: Conjure Flame
  9424 | D:6      | Found an ancient bone altar of Kikubaaqudgha.
  9866 | D:6      | Reached skill level 1 in Fire Magic
  9866 | D:6      | Reached XP level 8. HP: 52/52 MP: 9/12
 10322 | D:7      | Noticed Joseph
 10858 | D:8      | HP: 1/52 [adder (3)]
 10861 | D:8      | Found a shadowy altar of Dithmenos.
 10867 | D:8      | HP: 1/52 [adder (1)]
 10869 | D:8      | Slain by a giant frog

Vault maps used:
D:1:      moated_graveyard_arrival, glass_columns_b
D:2:      nicolae_overflow_hidden_temple, first_bread, kennysheep_boxes
D:4:      lemuel_round_altar, bloody_trog, minmay_temple_entry_grid
D:5:      serial_shops, nicolae_shop_behind_doors, nicolae_shop_crystal, shop,
          kennysheep_mini, shop, fountainhead
D:6:      kennysheep_little_box, serial_park_tiny_pond, st_stairs_11,
          minmay_holes, small_statue_intersection, grunt_decor_cap,
          nicolae_wand_duel, serial_bayou_pond_c, serial_park_tiny_2
D:7:      black_bear_nest_2, grunt_temple_overflow_gold_and_silver, uniq_joseph
D:8:      tgw_fedhas, nicolae_dithmenos_through_a_glass_darkly
Temple:   zaba_magenta_temple_8

Action                   |  1- 3 |  4- 6 |  7- 9 || total
-------------------------+-------+-------+-------++-------
Melee: Mace              |    11 |    38 |       ||    49
       Flail             |       |    24 |       ||    24
       Spear             |       |    16 |       ||    16
       Trident           |       |    12 |    79 ||    91
Throw: Stone             |       |     3 |       ||     3
 Cast: Magic Dart        |    93 |    69 |    20 ||   182
       Call Imp          |     9 |    53 |    74 ||   136
       Mephitic Cloud    |       |     9 |    14 ||    23
Invok: Channel Energy    |       |       |     8 ||     8
  Use: Scroll            |     5 |     3 |     3 ||    11
 Stab: Sleeping          |       |       |     2 ||     2
       Distracted        |       |       |     1 ||     1
       Confused          |       |       |     3 ||     3
